 Dungeon Sprint DCSS version 0.22.1-2-g9c5b331 (webtiles) character file.

1895 diana the Covert (level 8, -2/36 HPs)
             Began as a Spriggan Enchanter on Dec 24, 2018.
             Was an Initiate of Gozag.
             Slain by an earth elemental (38 damage)
             ... in the Dungeon (Sprint III: "The Ten Rune Challenge").
             The game lasted 00:06:15 (1269 turns).

diana the Covert (Spriggan Enchanter)               Turns: 1269, Time: 00:06:15

Health: -2/36      AC:  6    Str:  5    XL:     8   Next: 93%
Magic:  1/24       EV: 29    Int: 21    God:    Gozag
Gold:   290        SH:  0    Dex: 17    Spells: 17/29 levels left

rFire    . . .     SeeInvis +   a - +1 dagger
rCold    . . .     Gourm    .   (shield restricted)
rNeg     . . .     Faith    .   v - +2 robe {MR+}
rPois    .         Spirit   .   (helmet restricted)
rElec    .         Reflect  .   i - +1 cloak
rCorr    .         Harm     .   (gloves unavailable)
MR       ++...     NoTele   +   (boots unavailable)
Stlth    ++++++....             (no amulet)
HPRegen  0.12/turn              (no ring)
MPRegen  0.19/turn              (no ring)

@: very quick
A: very small, unfitting armour, claws 1, see invisible, clever 2, herbivore,
speed 3, slow metabolism 2, MP-powered wands
a: Potion Petition, Call Merchant, Bribe Branch, Renounce Religion


You were in the Dungeon.
You worshipped Gozag.
Gozag was aware of your devotion.
You were not hungry.

You visited 1 branch You collected 290 gold pieces.

Inventory:

Hand Weapons
 a - a +1 dagger (weapon)
Armour
 b - a +0 robe
 c - a +1 robe of resistance
 i - a +1 cloak (worn)
 v - a +2 robe of magic resistance (worn)
Wands
 t - a wand of acid (8)
Scrolls
 j - a scroll of blinking
 l - a scroll of immolation {unknown}
 m - 3 scrolls of identify
 n - a scroll of amnesia {unknown}
 p - a scroll of torment {unknown}
 q - a scroll of random uselessness {unknown}
Potions
 e - 2 potions of curing
 f - a potion of heal wounds
 g - a potion of haste
 h - 2 potions of magic
 k - 2 potions of mutation
 o - a potion of resistance {unknown}
 r - 2 potions of flight
 u - 2 potions of berserk rage
Miscellaneous
 s - a sack of spiders
Comestibles
 d - 4 rations


   Skills:
 + Level 9.9 Short Blades
 + Level 12.8 Dodging
 + Level 14.0 Stealth
 + Level 11.0 Spellcasting
 + Level 11.2 Hexes


You had 17 spell levels left.
You knew the following spells:

 Your Spells              Type           Power        Failure   Level  Hunger
a - Corona                Hex            ######.      1%          1    None
b - Ensorcelled Hibernat  Hex/Ice        #####.       1%          2    None
c - Dazzling Spray        Conj/Hex       #####.       1%          3    None
d - Confuse               Hex            ######..     1%          3    None
e - Tukima's Dance        Hex            ######..     1%          3    None

Your spell library contained the following spells:

 Spells                   Type           Power        Failure   Level  Hunger
 Confusing Touch          Hex            ######       1%          1    None
 Metabolic Englaciation   Hex/Ice        #####.....   16%         5    ####...
 Yara's Violent Unravell  Hex/Tmut       #####.....   16%         5    ####...
 Gell's Gravitas          Tloc           ##........   17%         3    None
 Petrify                  Tmut/Erth      ##......     50%         4    #......


Dungeon Overview and Level Annotations

Branches:
Dungeon (1/1)

Altars:
Cheibriados
Dithmenos
Elyvilon
Fedhas
Gozag
Hepliaklqana
Kikubaaqudgha
Makhleb
Nemelex Xobeh
Okawaru
Qazlal
Ru
Sif Muna
Trog
Uskayaw
Vehumet
Wu Jian
Xom
Yredelemnul
Zin
The Shining One
Beogh
Jiyva
Lugonu


Innate Abilities, Weirdness & Mutations

You are very small and have problems with some larger weapons.
You are too small for most types of armour.
You have supernaturally acute eyesight. (SInv)
You are a herbivore.
You cover ground extremely quickly.
You need to consume almost no food.
You have sharp fingernails.
Your mind is very acute. (Int +4)
You expend magic power (3 MP) to strengthen your wands.


Message History

Aim: an earth elemental (moderately damaged)
The spray of energy hits the earth elemental.
The earth elemental is heavily damaged.
You hit the earth elemental but do no damage.
The earth elemental is heavily damaged.
You hit the earth elemental but do no damage.
The earth elemental is heavily damaged.
You hit the earth elemental but do no damage.
The earth elemental is heavily damaged.
The earth elemental completely misses you.
You hit the earth elemental but do no damage.
The earth elemental is heavily damaged.
You hit the earth elemental but do no damage.
The earth elemental is heavily damaged.
You hit the earth elemental but do no damage.
The earth elemental is heavily damaged.
The earth elemental hits you!!!
Ouch! That really hurt!
You die...
Your body crumbles into a pile of gold. ▓▓▓ ##.############ $ ####..#___#___#__#$ $ $$$ #..#..#)..#__.#._#$$ #..#..###'#'###'##$ $ ##'#..#..........# $$ ###...'.⌠........#$ $$ $$ ###...#...######@#$ $$$$

##....#.⌠.#__#..E#+#######
#.....#...#__#...#.E§§≈'.#
......#'###__#...#§#≈§§#.#
#..)..#.))#__#...'.#§§§#.#
##....#___#__'...#.#.§§#..
▓▓▓▓▓▓▓▓▓▓▓▓▓▓▓▓▓▓▓▓▓▓▓▓▓▓


You could see an earth elemental.

Vanquished Creatures
  Erica (D)
  A deep elf mage (D)
  A shadow (D)
  A spatial vortex (D)
  A necrophage (D)
  A water elemental (D)
  A jelly (D)
  A wizard (D)
  Crazy Yiuf (D)
  Jessica (D)
  A necromancer (D)
  3 humans (D)
  A kobold demonologist (D)
  2 oozes (D)
  A rat (D)
18 creatures vanquished.

Vanquished Creatures (others)
  2 draconian scorchers (D)
  6 hellions (D)
  A yaktaur (D)
9 creatures vanquished.

Grand Total: 27 creatures vanquished

Notes
Turn   | Place    | Note
-------+----------+-------------------------------------------
     0 | D        | diana the Spriggan Enchanter began the quest for the Orb.
     0 | D        | Reached XP level 1. HP: 9/9 MP: 5/5
    29 | D        | Reached skill level 5 in Stealth
    67 | D        | Killed a yaktaur
    95 | D        | Killed a hellion
    95 | D        | Killed a hellion
    96 | D        | Killed a hellion
    96 | D        | Killed a hellion
   114 | D        | Killed a hellion
   115 | D        | Killed a hellion
   190 | D        | Reached XP level 2. HP: 9/13 MP: 7/7
   245 | D        | Learned a level 2 spell: Ensorcelled Hibernation
   256 | D        | Killed a white draconian scorcher
   295 | D        | Noticed Jessica
   300 | D        | Killed Jessica
   300 | D        | Reached skill level 5 in Dodging
   300 | D        | Reached skill level 6 in Stealth
   300 | D        | Reached XP level 3. HP: 16/16 MP: 7/9
   334 | D        | Noticed Crazy Yiuf
   337 | D        | Killed Crazy Yiuf
   337 | D        | Reached skill level 5 in Hexes
   433 | D        | Killed a white draconian scorcher
   450 | D        | Reached skill level 7 in Stealth
   450 | D        | Reached skill level 5 in Spellcasting
   450 | D        | Reached XP level 4. HP: 11/21 MP: 2/12
   473 | D        | Gained mutation: You are dopey. (Int -2) [potion of
                  | mutation]
   473 | D        | Gained mutation: You are resistant to electric shocks.
                  | (rElec) [potion of mutation]
   473 | D        | Gained mutation: You have a pair of small antennae on your
                  | head. [potion of mutation]
   473 | D        | Gained mutation: You are partially covered in yellow
                  | scales. (AC +2) [potion of mutation]
   474 | D        | Lost mutation: You are resistant to electric shocks.
                  | (rElec) [potion of mutation]
   474 | D        | Lost mutation: You have a pair of small antennae on your
                  | head. [potion of mutation]
   474 | D        | Lost mutation: You are dopey. (Int -2) [potion of mutation]
   474 | D        | Gained mutation: You have sharp fingernails. [potion of
                  | mutation]
   474 | D        | Gained mutation: Your body sometimes deteriorates upon
                  | taking damage. [potion of mutation]
   474 | D        | Gained mutation: Your mind is acute. (Int +2) [potion of
                  | mutation]
   475 | D        | Lost mutation: Your body sometimes deteriorates upon taking
                  | damage. [potion of mutation]
   475 | D        | Lost mutation: You are partially covered in yellow scales.
                  | (AC +2) [potion of mutation]
   475 | D        | Gained mutation: Your mind is very acute. (Int +4) [potion
                  | of mutation]
   475 | D        | Gained mutation: You expend magic power (3 MP) to
                  | strengthen your wands. [potion of mutation]
   480 | D        | Learned a level 3 spell: Dazzling Spray
   590 | D        | Noticed a water elemental
   625 | D        | Learned a level 3 spell: Confuse
   629 | D        | Learned a level 3 spell: Tukima's Dance
   673 | D        | Killed a water elemental
   673 | D        | Reached skill level 8 in Stealth
   673 | D        | Reached XP level 5. HP: 24/24 MP: 1/14
   782 | D        | Found a radiant altar of Vehumet.
   782 | D        | Found a deep blue altar of Sif Muna.
   782 | D        | Found an ancient bone altar of Kikubaaqudgha.
   784 | D        | Reached skill level 5 in Short Blades
   786 | D        | Reached skill level 9 in Stealth
   797 | D        | Found a glowing silver altar of Zin.
   797 | D        | Found a glowing golden altar of the Shining One.
   797 | D        | Found a white marble altar of Elyvilon.
   798 | D        | Noticed a deep elf mage
   802 | D        | Killed a deep elf mage
   802 | D        | Reached skill level 10 in Dodging
   802 | D        | Reached skill level 11 in Stealth
   802 | D        | Reached XP level 6. HP: 21/28 MP: 13/18
   802 | D        | Reached XP level 7. HP: 24/32 MP: 14/20
   880 | D        | Noticed a shadow
   900 | D        | Found a blossoming altar of Fedhas.
   901 | D        | Found a stormy altar of Qazlal.
   932 | D        | Killed a shadow
   932 | D        | Reached skill level 12 in Stealth
   966 | D        | Noticed a spatial vortex
  1009 | D        | Killed a spatial vortex
  1011 | D        | Found a snail-covered altar of Cheibriados.
  1011 | D        | Found a burning altar of Makhleb.
  1011 | D        | Found a hazy altar of Hepliaklqana.
  1011 | D        | Found a shimmering altar of Xom.
  1011 | D        | Found an opulent altar of Gozag.
  1011 | D        | Found a sparkling altar of Nemelex Xobeh.
  1011 | D        | Found a corrupted altar of Lugonu.
  1011 | D        | Found a viscous altar of Jiyva.
  1015 | D        | Became a worshipper of Gozag Ym Sagoz the Greedy
  1108 | D        | Found a basalt altar of Yredelemnul.
  1108 | D        | Found a shadowy altar of Dithmenos.
  1108 | D        | Found a sacrificial altar of Ru.
  1118 | D        | Reached skill level 10 in Hexes
  1118 | D        | Reached XP level 8. HP: 36/36 MP: 15/22
  1156 | D        | Found a hide-covered altar of Uskayaw.
  1156 | D        | Found an iron altar of Okawaru.
  1157 | D        | Found a roughly hewn altar of Beogh.
  1157 | D        | Found a bloodstained altar of Trog.
  1157 | D        | Found an ornate altar of the Wu Jian Council.
  1160 | D        | Reached skill level 10 in Spellcasting
  1163 | D        | Reached skill level 13 in Stealth
  1221 | D        | Noticed Erica
  1224 | D        | Killed Erica
  1224 | D        | Reached skill level 14 in Stealth
  1269 | D        | Slain by an earth elemental

Skill      XL: |  1  2  3  4  5  6  7  8 |
---------------+-------------------------+-----
Stealth        | 5 6 7 8 11 12 14 | 14.0
Spellcasting   | 3 4 5 6 8 9 11 | 11.0
Hexes          | 4 5 6 9 10 11 | 11.2
Short Blades   | 2 3 4 7 8 9 |  9.9
Dodging        | 4 5 6 7 10 11 12 | 12.8

Action                   |  1- 3 |  4- 6 |  7- 9 || total
-------------------------+-------+-------+-------++-------
Melee: Dagger            |    35 |    11 |    50 ||    96
 Cast: Ensorcelled Hiber |     8 |     1 |     4 ||    13
       Dazzling Spray    |       |     4 |    18 ||    22
       Confuse           |       |       |     2 ||     2
  Use: Potion            |       |     4 |       ||     4
 Stab: Sleeping          |     4 |     3 |     5 ||    12
       Confused          |       |       |     2 ||     2
Armor: Robe              |     1 |       |     1 ||     2
Dodge: Dodged            |    22 |     4 |    14 ||    40
